 Dungeon Crawl Stone Soup version 0.29.1-1-gd02db6906a (webtiles) character file.

Game seed: 5090799732524162722

161 Icepheonix32 the Firebug (level 5, -5/38 HPs)
             Began as a Draconian Fire Elementalist on Sept 22, 2022.
             Killed from afar by Ijyb (14 damage)
             ... with a bolt of acid
             ... on level 3 of the Dungeon.
             The game lasted 00:03:43 (3430 turns).

Icepheonix32 the Firebug (DrFE)                     Turns: 3430, Time: 00:03:45

Health: -5/38      AC:  1    Str: 10    XL:     5   Next: 19%
Magic:  8/10       EV: 12    Int: 18    God:
Gold:   160        SH:  0    Dex: 11    Spells: 3/10 levels left

rFire   . . .      SeeInvis .   h - +1 dagger (drain)
rCold   . . .      Faith    .   (no shield)
rNeg    . . .      Spirit   .   (body armour unavailable)
rPois   .          Reflect  .   (helmet restricted)
rElec   .          Harm     .   (no cloak)
rCorr   .          Rampage  .   (no gloves)
Will    .....                   (no boots)
Stlth   ++........              (no amulet)
HPRegen 0.12/turn               (no ring)
MPRegen 0.12/turn               (no ring)

@: corroded
A: AC +5, unfitting armour, cold-blooded
a: no special abilities


You were on level 3 of the Dungeon.
You visited 1 branch of the dungeon, and saw 3 of its levels.

You collected 160 gold pieces.

Inventory:

Hand Weapons
 h - a +1 dagger of draining (weapon)
 k - a +2 short sword of venom
Missiles
 b - 3 boomerangs of dispersal
 g - 5 boomerangs
Armour
 m - a +0 pair of gloves
Jewellery
 n - a ring of flight
Scrolls
 c - a scroll of poison {unknown}
 e - 4 scrolls of teleportation
 o - a scroll of fog {unknown}
 p - 2 scrolls of identify {unknown}
 s - a scroll of magic mapping {unknown}
Potions
 d - a potion of mutation {unknown}
 f - 2 potions of curing {unknown}
 i - a potion of haste {unknown}
 j - 2 potions of lignification {unknown}
 l - a potion of brilliance {unknown}
 q - a potion of attraction {unknown}
 r - a potion of berserk rage {unknown}


   Skills:
 + Level 0.2 Short Blades
 + Level 2.0 Dodging
 + Level 2.3 Stealth
 + Level 0.2 Unarmed Combat
 * Level 3.4 Spellcasting
 * Level 2.0 Conjurations
 + Level 4.0 Fire Magic


You had 3 spell levels left.
You knew the following spells:

 Your Spells              Type           Power      Damage    Failure   Level
a - Foxfire               Conj/Fire      56%        2x1d6     4%          1
b - Scorch                Fire           34%        2d6       4%          2
c - Flame Wave            Conj/Fire      14%        2d6       41%         4

Your spell library contained the following spells:

 Spells                   Type           Power      Damage    Failure   Level
 Shock                    Conj/Air       24%        1d4       11%         1
 Conjure Flame            Conj/Fire      14%        6-21      13%         3
 Sting                    Tmut/Pois      12%        1d3       16%         1
 Inner Flame              Hex/Fire       10%        N/A       21%         3
 Swiftness                Air            3%         N/A       43%         3
 Airstrike                Air            1%         2d(1-17)  83%         4


Dungeon Overview and Level Annotations

Branches:
Dungeon (3/15)

Altars:
Ashenzari
Makhleb
Trog
Vehumet
Xom

Shops:
D:1 =

Annotations:
D:3 Ijyb


Innate Abilities, Weirdness & Mutations

Your plain brown scales are hard. (AC +5)
You cannot fit into any form of body armour.
You are cold-blooded and may be slowed by cold attacks.


Message History

You hear a shout!
You conjure some foxfire!
The goblin shoots a sling bullet.
The sling bullet hits you but does no damage.
Unknown command.
Your foxfire dissipates!
The goblin shoots a sling bullet.
The sling bullet hits you but does no damage.
Your foxfire dissipates!
The goblin shoots a sling bullet.
The sling bullet barely misses you.
The goblin shoots a sling bullet.
The sling bullet hits you but does no damage.
The goblin shoots a sling bullet.
The sling bullet hits you.
A goblin comes into view. It is wielding a +0 dagger.
Your magical contamination has completely faded away.
The goblin unwields a +0 sling.
The goblin hits you but does no damage.
Ijyb the Twisted Goblin comes into view.
She is wielding a +0 club and carrying a wand of acid (15).
The goblin hits you with a +0 dagger. The goblin closely misses you.
You hit the goblin.
The goblin is heavily wounded.
The goblin barely misses you.
Ijyb screams, "Die!"
Ijyb zaps a wand.
The bolt of acid hits the goblin!
The acid corrodes the goblin!
The goblin dies!
The bolt of acid hits you!!
Ouch! That really hurt!
* * * LOW HITPOINT WARNING * * *
The acid corrodes you! The goblin closely misses you.
You are too injured to fight recklessly!
Unknown command.
Magic courses through your body. The goblin closely misses you.
An adder comes into view.
Casting: Foxfire (safe; 4% risk of failure)
Confirm with . or Enter, or press ? or * to list all spells.
Flames lash the adder.
The adder hisses angrily.
The adder is almost dead.
The adder's fire resistance burns away.
Ijyb zaps a wand.
The bolt of acid hits you!
You die...

############
#......#...#..≈≈##
#..g@..'...'. ≈≈≈#
#..g...#...# ≈≈##
#''##..#########≈≈#
#.S
#....).....#≈≈## #.
#..........'...# #.
#....).....'...## #
#..........'...†.
#..........#≈≈##.
#..#########≈≈##.


You could see Ijyb, an adder (combustible) and a goblin.

Vanquished Creatures
  A scorpion (D:3)
  4 adders (D:2)
  A dart slug (D:3)
  5 ball pythons
  4 endoplasms
  4 giant cockroaches
  8 goblins
  6 hobgoblins
  3 jackals (D:3)
  3 quokkas
  11 bats
  3 frilled lizards
  6 kobolds
  3 rats
62 creatures vanquished.

Vanquished Creatures (collateral kills)
  A foxfire (D:1)
1 creature vanquished.

Vanquished Creatures (others)
  A goblin (D:3)
  278 foxfires
279 creatures vanquished.

Grand Total: 342 creatures vanquished

Notes
Turn   | Place    | Note
-------+----------+-------------------------------------------
     0 | D:1      | Icepheonix32 the Draconian Fire Elementalist began the
                  | quest for the Orb.
     0 | D:1      | Reached XP level 1. HP: 14/14 MP: 3/3
   353 | D:1      | Found Qoankodd's Jewellery Boutique.
   425 | D:1      | Reached XP level 2. HP: 20/20 MP: 1/5
  1247 | D:2      | Reached XP level 3. HP: 26/26 MP: 0/6
  1392 | D:2      | Found a faded altar of an unknown god.
  1400 | D:2      | Got Plato's Handbook of Transformation
  2001 | D:2      | Reached XP level 4. HP: 32/33 MP: 6/8
  2810 | D:3      | Noticed a scorpion
  2818 | D:3      | Killed a scorpion
  2819 | D:3      | Reached skill level 4 in Fire Magic
  2819 | D:3      | Reached XP level 5. HP: 25/38 MP: 2/10
  3144 | D:3      | Learned a level 2 spell: Scorch
  3149 | D:3      | Learned a level 4 spell: Flame Wave
  3186 | D:3      | Found a radiant altar of Vehumet.
  3190 | D:3      | Found a shimmering altar of Xom.
  3191 | D:3      | Found a bloodstained altar of Trog.
  3194 | D:3      | Found a burning altar of Makhleb.
  3196 | D:3      | Found a broken altar of Ashenzari.
  3427 | D:3      | Noticed Ijyb
  3430 | D:3      | Killed from afar by Ijyb

Illustrated notes

Levels and vault maps discovered:
D:1:      eino_arrival_druids_welcome, layout_rooms, serial_shops, shop
D:2:      layout_basic, shapermc_ecumenical_altar_rom_forum
D:3:      kennysheep_goblin_castle, layout_rooms, minitemple

Skill      XL: |  1  2  3  4  5 |
---------------+----------------+-----
Stealth        | 2 |  2.3
Dodging        | 2 |  2.0
Spellcasting   | 3 |  3.4
Fire Magic     | 4 |  4.0
Conjurations   | 2 |  2.0
Short Blades   | |  0.2
Unarmed Combat | |  0.2

Action                   |  1- 3 |  4- 6 || total
-------------------------+-------+-------++-------
Melee: Unarmed           |     6 |       ||     6
       Tailslap          |     2 |     3 ||     5
       Dagger            |    14 |    14 ||    28
Throw: Boomerang         |     2 |       ||     2
 Cast: Foxfire           |    85 |    78 ||   163
       Scorch            |       |     1 ||     1
  Use: Scroll            |       |     2 ||     2
       Potion            |       |     1 ||     1
Armor: Skin              |    27 |    16 ||    43
Dodge: Dodged            |    48 |    30 ||    78
